 Dungeon Crawl Stone Soup version 0.16-a0-791-gf1c67de (webtiles) character file.

144 RobertPalmer the Cudgeler (level 5, 0/48 HPs)
             Began as an Ogre Transmuter on Sept 28, 2014.
             Killed from afar by Sigmund (10 damage)
             ... with a magic dart
             ... on Level 3 of the Dungeon.
             The game lasted 00:07:22 (3609 turns).

RobertPalmer the Cudgeler (Ogre Transmuter)         Turns: 3609, Time: 00:07:22

HP   0/48        AC  3     Str 15      XL: 5   Next: 26%
MP   3/9         EV 15     Int 12      God:
Gold 103         SH  0     Dex 16      Spells:  2 memorised,  5 levels left

rFire  . . .     SeeInvis .     b - 14 arrows
rCold  . . .     Clarity  .     c - +0 robe
rNeg   . . .     rCorr    .     (shield restricted)
rPois  .         rRot     .     (helmet restricted)
rElec  .         Spirit   .     (no cloak)
SustAb .         Warding  .     (gloves unavailable)
rMut   .         Stasis   .     (boots unavailable)
Gourm  .                        (no amulet)
MR     .....                    (no ring)
                                (no ring)

@: agile, not resistant to hostile enchantments, unstealthy
A: unfitting armour, tough skin 1
a: no special abilities


You were on level 3 of the Dungeon.
You were hungry.

You visited 1 branch of the dungeon, and saw 4 of its levels.

You collected 103 gold pieces.


Innate Abilities, Weirdness & Mutations

You are too large for most types of armour.
You have tough skin (AC +1).


   Skills:
 - Level 1.3 Fighting
 + Level 4.0 Maces & Flails
 - Level 1.7 Dodging
 - Level 2.6 Unarmed Combat
 - Level 2.4 Spellcasting
 - Level 3.1 Transmutations


You had 5 spell levels left.
You knew the following spells:

 Your Spells              Type           Power        Failure   Level  Hunger
z - Beastly Appendage     Trmt           #.....       10%         1    ##.....
Z - Sticks to Snakes      Trmt           #.........   12%         2    ###....

Inventory:

Hand weapons
 a - a +3 flail
Missiles
 b - 14 arrows (in hand)
 t - 19 poisoned needles
Armour
 c - a +0 robe (worn)
Comestibles
 f - 3 meat rations
 i - 2 bread rations
 j - a slice of pizza
 v - a chunk of orc flesh {@*1}
Scrolls
 e - 2 scrolls of enchant weapon {unknown}
 h - a scroll of enchant armour {unknown}
 k - 2 scrolls of identify {unknown}
 m - a scroll of fog {unknown}
 n - 2 scrolls of teleportation {unknown}
 r - 4 scrolls of remove curse {unknown}
 s - a scroll of immolation {unknown}
Potions
 p - 2 potions of agility
 q - a potion of poison {unknown}
 u - a potion of cancellation {unknown}
Books
 d - a book of Changes

Dungeon Overview and Level Annotations

Branches:
Dungeon (4/15)
 Temple: D:4-7

Altars:
Vehumet
Xom
Yredelemnul

Annotations:
D:3 Sigmund, Terence

........####.########.#######.#.#
........##.........##.# #.#.#
........##.........##)# #.#.#
........##.........##.#######[#.#
..............................#.#
........##.........##.#########.#
........##.........##.# #.#
........##.........##.# #.#
....######......@..##.# #.# ....#
#......#.####.#### #.# .####
#................######.# .#
#.......................# .#
#................######## .#
#................# .#
#................# .#
#................# .####
######...........#


There were no monsters in sight!


Message History

The magic dart hits you!
Drink which item? (? for menu, Esc to quit)
You feel agile all of a sudden.
It was a potion of agility.
You hear some strange, mumbled words.
The puff of flame hits you!
You're too confused to move!
You hear a zap.
The puff of flame hits you!
* * * LOW HITPOINT WARNING * * *
Unknown command.
You hear a zap.
The puff of flame hits you!
* * * LOW HITPOINT WARNING * * *
You feel less confused. The magic dart hits you!
* * * LOW HITPOINT WARNING * * *
Drink which item? (? for menu, Esc to quit)
Okay, then.
Drink which item? (? for menu, Esc to quit)
You feel refreshed.
It was a potion of restore abilities.
Drink which item? (? for menu, Esc to quit)
You feel better.
It was a potion of curing.
Read which item? (? for menu, Esc to quit)
Okay, then.
You hear a zap.
The puff of flame hits you!
* * * LOW HITPOINT WARNING * * *
The magic dart hits you!
You die...

Action                   |  1- 3 |  4- 6 || total
-------------------------+-------+-------++-------
Melee: Whip              |   116 |       ||   116
       Unarmed           |     5 |       ||     5
       Flail             |       |    80 ||    80
 Cast: Beastly Appendage |    12 |     2 ||    14
       Sticks to Snakes  |       |    14 ||    14
  Use: Potion            |     1 |     5 ||     6
 Stab: Sleeping          |       |     1 ||     1
  Eat: Chunk             |     3 |     6 ||     9

Vault maps used:
D:1:      shiori_arrival_whats_in_store_for_you
D:2:      lemuel_doored_altar, hangedman_decor_opposing,
          kennysheep_generic_room_16
D:3:      kennysheep_goblin_castle, grunt_temple_overflow_order_and_chaos_2,
          gammafunk_temple_overflow_pools, lightli_corner_chamber, uniq_terence,
          uniq_iyjb, uniq_sigmund
D:4:      kennysheep_kobold_camp, nicolae_qazlal_eye_of_the_storm,
          kennysheep_mini_moat, nicolae_overflow_hidden_temple, serial_shops,
          nicolae_shop_behind_doors, first_bread, serial_bayou_crossing

Notes
Turn   | Place    | Note
--------------------------------------------------------------
     0 | D:1      | RobertPalmer, the Ogre Transmuter, began the quest for the Orb.
     0 | D:1      | Reached XP level 1. HP: 19/19 MP: 3/3
     0 | D:1      | Noticed an ice dragon
     0 | D:1      | Noticed a shadow dragon
     3 | D:1      | Noticed a large abomination
     3 | D:1      | Noticed a green draconian
     5 | D:1      | Noticed an iron dragon
     6 | D:1      | Noticed a red draconian
     7 | D:1      | Noticed an ice dragon
    10 | D:1      | Noticed a shadow dragon
    10 | D:1      | Noticed an iron dragon
    12 | D:1      | Noticed a red draconian
    12 | D:1      | Noticed a golden dragon
    14 | D:1      | Noticed an iron dragon
    16 | D:1      | Noticed a golden dragon
    16 | D:1      | Noticed a large abomination
    18 | D:1      | Noticed a shadow dragon
    19 | D:1      | Noticed an ice dragon
   439 | D:1      | Reached XP level 2. HP: 27/27 MP: 3/5
   443 | D:1      | Reached skill level 2 in Transmutations
   924 | D:2      | Found a basalt altar of Yredelemnul.
  1011 | D:2      | Reached XP level 3. HP: 33/33 MP: 4/6
  1829 | D:3      | Reached skill level 3 in Transmutations
  1847 | D:3      | Reached XP level 4. HP: 14/41 MP: 6/8
  2060 | D:3      | Noticed Terence
  2094 | D:2      | Learned a level 2 spell: Sticks to Snakes
  2226 | D:3      | Reached skill level 1 in Maces & Flails
  2282 | D:3      | Noticed Sigmund
  2662 | D:2      | Reached skill level 2 in Maces & Flails
  2971 | D:3      | Reached skill level 3 in Maces & Flails
  3021 | D:3      | Reached XP level 5. HP: 15/48 MP: 9/9
  3206 | D:3      | Found a shimmering altar of Xom.
  3206 | D:3      | Found a radiant altar of Vehumet.
  3214 | D:3      | Reached skill level 4 in Maces & Flails
  3609 | D:3      | Killed from afar by Sigmund

Vanquished Creatures
  2 gnolls (D:2)
  6 adders
  2 worms (D:2)
  A giant gecko (D:3)
  6 orcs (D:3)
  2 bats
  4 giant cockroaches
  A goblin (D:2)
  8 hobgoblins
  6 jackals
  8 kobolds
  A quokka (D:2)
  A ball python (D:2)
  A giant newt (D:3)
  4 rats
53 creatures vanquished.

Vanquished Creatures (collateral kills)
  A gnoll (D:2)
  An orc (D:3)
2 creatures vanquished.

Grand Total: 55 creatures vanquished
